 Dungeon Crawl Stone Soup version 0.31-a0-662-g684573625c (webtiles) character file.

Game seed: 9862042043512754659

7622 Maratek the Cleaver (level 10, -1/118 HPs)
             Began as a Demonspawn Fighter on Aug 31, 2023.
             Succumbed to Sonja's curare-tipped dart
             ... on level 11 of the Dungeon.
             The game lasted 00:20:16 (5822 turns).

Maratek the Cleaver (Demonspawn Fighter)            Turns: 5822, Time: 00:20:17

Health: -1/118     AC: 25    Str: 21    XL:     10   Next: 98%
Magic:  9/10       EV:  2    Int:  9    God:
Gold:   927        SH:  0    Dex: 15    Spells: 9/9 levels left

rFire   . . .        B - +2 hand axe (protect)
rCold   + . .        c - +0 buckler
rNeg    . . .        O - melded +10 plate armour {ponderous}
rPois   +            o - melded +2 helmet {Int+3}
rElec   .            (cloak currently unavailable)
rCorr   .            m - melded +0 pair of gloves "Tuuhaceda" {Fly Will+ Regen+ Dex+3}
SInv    +            M - melded +1 pair of boots {Fly}
Will    .....        j - amulet of guardian spirit
Stlth   ++           E - ring of protection from cold
HPRegen 0.39/turn    f - ring of see invisible
MPRegen 0.12/turn

%: guardian spirit
@: confused, mighty, lethally poisoned (-1 -> -38), tree-form, ambrosia-drunk,
on berserk cooldown, slowed, very slow
A: stationary, stasis, torment immunity, boosted hp, (claws 1), powered by pain
3, (spiny 1), thin skeletal structure 1
a: no special abilities


You were on level 11 of the Dungeon.
You were a tree.
You visited 1 branch of the dungeon, and saw 11 of its levels.
You also visited: Bailey.

You collected 927 gold pieces.

Inventory:

Hand Weapons
 z - a +1 halberd of flaming
 B - a +2 hand axe of protection (weapon)
Armour
 c - a +0 buckler (worn)
 m - the +0 pair of gloves "Tuuhaceda" (melded) {Fly Will+ Regen+ Dex+3}
   (You found it on level 2 of the Dungeon)

   Dex+3:     It affects your dexterity (+3).
   Will+:     It increases your willpower.
   Fly:       It grants you flight.
   Regen+:    It increases your rate of health regeneration.
 o - a +2 helmet of intelligence (melded)
 M - a +1 pair of boots of flying (melded)
 O - a +10 plate armour of ponderousness (melded)
Jewellery
 e - a +6 ring of intelligence
 f - a ring of see invisible (right branch)
 h - a +6 ring of dexterity
 j - an amulet of guardian spirit (around neck)
 E - a ring of protection from cold (left branch)
 F - a ring of protection from fire
 K - a ring of resist corrosion
Wands
 v - a wand of mindburst (16)
 y - a wand of light (16)
 D - a wand of roots (14)
 I - a wand of polymorph (3)
Scrolls
 a - a scroll of revelation
 g - 3 scrolls of enchant weapon
 p - 5 scrolls of teleportation
 w - a scroll of silence
 C - 2 scrolls of fog
 G - a scroll of amnesia
 J - a scroll of fear
 N - a scroll of identify
Potions
 b - 2 potions of lignification
 i - 2 potions of brilliance
 k - a potion of berserk rage
 l - 4 potions of mutation
 r - 6 potions of enlightenment
 s - 2 potions of ambrosia
 t - a potion of curing {unknown}
 u - 2 potions of magic
 x - 3 potions of invisibility {unknown}
 H - a potion of cancellation {unknown}
 L - 3 potions of attraction {unknown}


   Skills:
 + Level 7.2 Fighting
 + Level 10.4 Axes
 + Level 7.5 Armour
 + Level 3.7 Dodging
 + Level 2.0 Stealth
 + Level 6.3 Shields


You had 9 spell levels left.
You didn't know any spells.
Your spell library contained the following spells:

 Spells                   Type           Power      Damage    Failure   Level
 Kiss of Death            Conj/Necr      0%         2d5       43%         1
 Sandblast                Erth           0%         2d4       43%         1
 Passwall                 Tmut/Erth      0%         N/A       58%         2
 Confusing Touch          Hex            0%         N/A       82%         3
 Stone Arrow              Conj/Erth      0%         3d7       82%         3
 Dispel Undead            Necr           0%         3d6       99%         4


Dungeon Overview and Level Annotations

Branches:
Dungeon (11/15)            Bailey (visited)
 Temple: D:4-7         Lair: D:8-11         Orc: D:9-12

Altars:
Kikubaaqudgha
Nemelex Xobeh
Ru
Wu Jian
Xom

Annotations:
D:7 1 runed translucent door, inmateoo's ghost, novice HOFi
D:11 Josephine; Sonja


Innate Abilities, Weirdness & Mutations

You are a tree.
Your roots penetrate the ground, keeping you stationary.
You cannot be teleported.
You are immune to unholy pain and torment.
Your maximum health is greatly increased.
Your equipment is partially melded.
((You have sharp fingernails.))
You are powered by pain.
((You are partially covered in sharp spines.))
You have a somewhat thin skeletal structure. (Dex +2, Stealth+)


Message History

A wraith comes into view.
Sonja throws a curare-tipped dart.
The curare-tipped dart hits you.
You are more poisoned.
You have difficulty breathing.
* * * LOW HITPOINT WARNING * * *
You feel as though you will be slow longer.
You turn into a tree.
Your +2 helmet of intelligence melds into your body.
The +0 pair of gloves "Tuuhaceda" {Fly Will+ Regen+ Dex+3} melds into your body.
Your +1 pair of boots of flying melds into your body.
Your +10 plate armour of ponderousness melds into your body.
You feel stupid.
You float gracefully downwards. x2
That put a bit of spring back into your step.
Your roots penetrate the ground.
* * * LOW HITPOINT WARNING * * *
You feel extremely sick. The wraith hits you. The wraith drains your vigour!
You feel as though you will be slow longer.
Sonja casts a spell.
Sonja blinks!
The wraith hits you.
* * * LOW HITPOINT WARNING * * *
The wraith drains your vigour!
You feel as though you will be slow longer.
A wraith comes into view.
The wraith hits you but does no damage.
You are too injured to fight recklessly!
You are too injured to fight recklessly!
You are too injured to fight recklessly!
You are too injured to fight recklessly!
You cannot move. (Use ctrl+direction or * direction to attack while stationary and confused.)
You cannot move. (Use ctrl+direction or * direction to attack while stationary and confused.)
You cannot move. (Use ctrl+direction or * direction to attack while stationary and confused.)
You cannot move. (Use ctrl+direction or * direction to attack while stationary and confused.)
You cannot move. (Use ctrl+direction or * direction to attack while stationary and confused.)
You cannot move. (Use ctrl+direction or * direction to attack while stationary and confused.)
You cannot move. (Use ctrl+direction or * direction to attack while stationary and confused.)
You nearly hit yourself!
You die...
Xom chuckles heartily!

##### ##..<##
#.....######
#..........#
#.....####.#
##...## #†# ##.##
#.#########
#.######.......?..
#.....W♣......####
#....KW..§###.###
#..........†....#
.W.###..##.###.#.#
## #.###.# #.#.#
... ..# #.#.. #.##
### #.#### #. ..#
# ###


You could see 3 wraiths and Sonja.

Vanquished Creatures
  A two-headed ogre (D:10)
  A troll (D:11)
  A vampire (D:11)
  3 wyverns
  7 yaks
  A steam dragon (D:10)
  4 water moccasins
  Duvessa (D:7)
  4 ice beasts
  9 orc warriors
  A sky beast (D:7)
  2 black bears
  An ogre (D:4)
  3 centaurs
  2 phantoms
  3 bullfrogs
  A gnoll sergeant (D:7)
  2 scorpions
  2 jellies
  9 wights
  Dowan (D:7)
  12 killer bees
  A howler monkey (D:7)
  4 hounds
  5 orc priests
  Jessica (D:2)
  19 orc wizards
  4 iguanas
  2 sleepcaps
  7 gnolls
  5 adders
  A white imp (D:7)
  2 dart slugs
  28 orcs
  A bat (D:2)
  An endoplasm (D:2)
  3 giant cockroaches
  8 goblins
  6 hobgoblins
  4 jackals (D:4)
  20 kobolds
  3 quokkas
  7 ball pythons
  5 rats
208 creatures vanquished.

Vanquished Creatures (others)
  An orc priest (D:6)
  An orc wizard (D:6)
2 creatures vanquished.

Grand Total: 210 creatures vanquished

Notes
Turn   | Place    | Note
-------+----------+-------------------------------------------
     0 | D:1      | Maratek the Demonspawn Fighter began the quest for the Orb.
     0 | D:1      | Reached XP level 1. HP: 18/18 MP: 1/1
   212 | D:1      | Gained mutation: You are partially covered in sharp spines.
                  | [demonic ancestry]
   212 | D:1      | Reached XP level 2. HP: 24/24 MP: 2/2
   303 | D:1      | Found a faded altar of an unknown god.
   305 | D:1      | Reached skill level 2 in Axes
   313 | D:1      | Prayed at the altar of an unknown god.
   313 | D:1      | Became a worshipper of Xom of Chaos
   697 | D:2      | Identified the +0 pair of gloves "Tuuhaceda" {Fly Will+
                  | Regen+ Dex+3}
   711 | D:2      | Noticed Jessica
   716 | D:2      | Gained mutation: You sometimes gain a little power by
                  | taking damage. [demonic ancestry]
   716 | D:2      | Reached XP level 3. HP: 29/29 MP: 3/3
   717 | D:2      | Killed Jessica
   875 | D:2      | Reached XP level 4. HP: 35/35 MP: 4/4
  1699 | D:4      | Noticed an ogre
  1709 | D:4      | Killed an ogre
  1710 | D:4      | Reached skill level 3 in Axes
  1710 | D:4      | Reached skill level 1 in Dodging
  1710 | D:4      | Reached XP level 5. HP: 42/42 MP: 5/5
  1717 | D:4      | You are sucked into a shaft and drop 2 floors!
  1877 | D:6      | Noticed an ice beast
  1892 | D:6      | Killed an ice beast
  1893 | D:6      | Gained mutation: You have sharp fingernails. [demonic
                  | ancestry]
  1893 | D:6      | Reached XP level 6. HP: 48/48 MP: 6/6
  1908 | D:6      | XOM: potion effect (invisibility)
  1918 | D:6      | Reached skill level 4 in Axes
  2001 | D:5      | XOM: noise
  2001 | D:5      | Entered Level 5 of the Dungeon
  2086 | D:5      | Gained mutation: You sometimes gain power by taking damage.
                  | [demonic ancestry]
  2086 | D:5      | Reached XP level 7. HP: 54/54 MP: 5/7
  2191 | D:5      | XOM: cast spell 'Summon Ice Beast'
  2214 | D:5      | Reached skill level 5 in Axes
  2214 | D:5      | Reached skill level 1 in Stealth
  2243 | D:5      | Fell from the grace of Xom
  2373 | D:5      | XOM: scenery: summon butterflies
  2440 | D:5      | XOM: summons 1 hostile demon
  2441 | D:5      | Noticed a neqoxec
  2559 | D:6      | Reached XP level 8. HP: 53/61 MP: 6/8
  2617 | D:6      | Found a sacrificial altar of Ru.
  2682 | D:6      | Reached skill level 6 in Axes
  2706 | D:6      | XOM: summons 2 hostile demons
  3069 | D:7      | Reached skill level 5 in Fighting
  3078 | D:7      | Reached skill level 7 in Axes
  3078 | D:7      | Reached skill level 5 in Armour
  3282 | D:7      | Reached XP level 9. HP: 48/68 MP: 7/9
  3370 | D:7      | Reached skill level 8 in Axes
  3443 | D:7      | Noticed Duvessa
  3447 | D:7      | Noticed Dowan
  3459 | D:7      | Killed Dowan
  3463 | D:7      | Killed Duvessa
  3545 | D:7      | Reached skill level 5 in Shields
  3550 | D:7      | Reached skill level 9 in Axes
  3613 | D:7      | Found a runed translucent door.
  3648 | D:7      | XOM: scenery: 1 doors close
  3782 | D:7      | XOM: give mutation
  3782 | D:7      | Gained mutation: You have a somewhat thin skeletal
                  | structure. (Dex +2, Stealth+) [Xom's mischief]
  3835 | D:7      | Noticed inmateoo's ghost (novice HOFi)
  3866 | D:8      | Gained mutation: You are powered by pain. [demonic
                  | ancestry]
  3866 | D:8      | Reached XP level 10. HP: 77/77 MP: 10/10
  4626 | D:9      | Found a sparkling altar of Nemelex Xobeh.
  4733 | D:9      | Found a shimmering altar of Xom.
  4787 | D:9      | Found an ornate altar of the Wu Jian Council.
  4921 | D:10     | Entered Level 10 of the Dungeon
  4987 | D:10     | Found an ancient bone altar of Kikubaaqudgha.
  5028 | D:10     | Found a flagged portal.
  5050 | Bailey   | Entered a bailey
  5444 | D:10     | Reached skill level 10 in Axes
  5536 | D:10     | XOM: summons 14 hostile demons
  5537 | D:10     | Noticed a sun demon
  5537 | D:10     | Noticed a soul eater
  5537 | D:10     | Noticed a rust devil
  5551 | D:10     | Noticed a two-headed ogre
  5557 | D:10     | Killed a two-headed ogre
  5785 | D:11     | XOM: noise
  5788 | D:11     | Noticed Sonja
  5811 | D:11     | Noticed Josephine
  5821 | D:11     | HP: 5/118 [wraith[Josephine] (1)]
  5822 | D:11     | Succumbed to Sonja's curare-tipped dart

Illustrated notes

Levels and vault maps discovered:
D:1:      dpeg_arrival_tiny_d, layout_rooms,
          shapermc_ecumenical_altar_mp_highgroup
D:2:      layout_rooms, uniq_jessica
D:3:      layout_loops_ring
D:4:      layout_loops_cross, mainiacjoe_overflow_six_doors_small, tgw_fedhas,
          uniq_grinder
D:5:      layout_basic, minmay_temple_entry_statues
D:6:      layout_gridville, mainiacjoe_overflow_catwalk
D:7:      minmay_s_stair_smasher, layout_basic, ebering_ghost_reflecting_pool,
          uniq_duvessa
D:8:      layout_cave_pools
D:9:      layout_basic, lemuel_doored_altar, nemelex_xobeh_ov_fountains_minmay,
          nzn_wu_jian_contemplation, minmay_strange_pillars
D:10:     nicolae_hitomezashi [nicolae_hito_row, nicolae_hito_row,
          nicolae_hito_row, nicolae_hito_row, nicolae_hito_row,
          nicolae_hito_row, nicolae_hito_row, nicolae_hito_row,
          nicolae_hito_row, nicolae_hito_row, nicolae_hito_row,
          nicolae_hito_row, nicolae_hito_row, nicolae_hito_row,
          nicolae_hito_row, nicolae_hito_row, nicolae_hito_row,
          nicolae_hito_row], layout_stronghold, mainiacjoe_overflow_alcove_4,
          nicolae_kikubaaqudgha_miasma_corner, enter_bailey_7
D:11:     layout_loops_ring, grunt_ogre_cave, uniq_sonja, uniq_josephine,
          uniq_harold

Skill      XL: |  1  2  3  4  5  6  7  8  9 10 |
---------------+-------------------------------+-----
Shields        | 3 4 5 6 |  6.3
Axes           | 2 3 4 5 7 9 10 | 10.4
Armour         | 3 4 5 6 7 |  7.5
Dodging        | 1 2 3 |  3.7
Fighting       | 4 5 6 7 |  7.2
Stealth        | 1 2 |  2.0

Action                     |  1- 3 |  4- 6 |  7- 9 | 10-12 || total
---------------------------+-------+-------+-------+-------++-------
  Melee: War axe           |    57 |    74 |   140 |       ||   271
         Hand axe          |       |       |    64 |   235 ||   299
 Invoke: Renounce Religion |       |       |     1 |       ||     1
    Use: Scroll            |     2 |       |    11 |     5 ||    18
         Potion            |     2 |       |       |     7 ||     9
   Stab: Invisible         |       |     2 |       |       ||     2
 Armour: Scale mail        |    42 |    30 |       |       ||    72
         Chain mail        |       |    24 |   185 |   131 ||   340
         Plate armour      |       |       |       |   118 ||   118
         Skin              |       |       |       |     3 ||     3
  Dodge: Dodged            |    19 |    34 |   118 |   128 ||   299
  Block: Buckler           |    14 |    23 |    82 |   109 ||   228

Table legend: (Time is in decaauts)
 A = Elapsed time spent in this place.
 B = Non-inter-level travel time spent in this place.
 C = Inter-level travel time spent in this place.
 D = Time resting spent in this place.
 E = Time spent auto-exploring this place.
 F = Levels seen in this place.
 G = Mean time per level.
                   A        B        C        D        E       F      G
               +--------+--------+--------+--------+--------+-----+--------+
         Total |   6005 |   5800 |    205 |    109 |   4023 |  12 |  500.4 |
       Dungeon |   5626 |   5421 |    205 |    109 |   3884 |  11 |  511.5 |
        Bailey |    378 |    378 |      0 |      0 |    139 |   1 |  378.0 |
               +--------+--------+--------+--------+--------+-----+--------+

Top non-repeatable levels by time:
     D:7: 895 daAuts
     D:6: 841 daAuts
     D:1: 640 daAuts
     D:9: 622 daAuts
     D:3: 524 daAuts
     D:8: 474 daAuts
    D:10: 470 daAuts
     D:5: 455 daAuts
     D:2: 449 daAuts
  Bailey: 378 daAuts
     D:4: 154 daAuts
    D:11: 97 daAuts
